[ AOE2 MATCH · #479334133 ]
UnrankedJapanese vs Armenians
[ REPLAY ANALYSIS · EXTRACTED FROM THE RECORDED GAME ]
Feudal
9:16
Castle
18:56
Imperial
34:20
| APM avg | 20.3 |
| APM peak | 47 |
| eAPM avg | 14.0 |
| Villagers / military | 111 / 66 |
Focus
⚔️ 26.9% · 🌾 73.1%
Fishing Ship ×23 · Galley ×18 · Samurai ×18 · Battering Ram ×13 · Unknown (2626) ×12 · Mangonel ×5
Feudal
11:29
Castle
17:31
Imperial
—
| APM avg | 18.9 |
| APM peak | 56 |
| eAPM avg | 14.4 |
| Villagers / military | 98 / 93 |
Focus
⚔️ 38.3% · 🌾 61.7%
Militia ×56 · Composite Bowman ×23 · Transport Ship ×7 · Unknown (2626) ×5 · Warrior Priest ×3 · Demolition Raft ×3
Feudal
—
Castle
—
Imperial
—
| APM avg | 27.3 |
| APM peak | 66 |
| eAPM avg | 16.5 |
| Villagers / military | 68 / 155 |
Focus
⚔️ 39.2% · 🌾 60.8%
Longboat ×48 · Militia ×39 · Fire Galley ×37 · Berserk ×16 · Fishing Ship ×14 · Battering Ram ×5
Feudal
12:24
Castle
18:28
Imperial
29:10
| APM avg | 39.5 |
| APM peak | 72 |
| eAPM avg | 18.2 |
| Villagers / military | 128 / 179 |
Focus
⚔️ 29.0% · 🌾 71.0%
Berserk ×77 · Longboat ×74 · Fishing Ship ×36 · Cannon Galleon ×15 · Transport Ship ×4 · Trebuchet (Packed) ×4
Match map
Initial resources + every placement click. Lines = walls · curves = elevation contours. ◆ gold · ⬟ stone · ● berries · ✦ relic · ◌ wall gap
Your base· ✓ Map-separated
Clifordino's base· ✓ Map-separated
WinterSword26's base· ✓ Map-separated
jaiderreyes4's base· ✓ Map-separated
Smoothed initial terrain · ◌ = detected wall gap · hover for details
Inputs per minute
— STaTS - - Clifordino
Build order — STaTS
First 150 of 365 actions detected
| 0:01 | Create | Villager (Male) |
| 0:01 | Create | Villager (Male) |
| 0:02 | Create | Villager (Male) |
| 0:03 | Build | House |
| 0:10 | Create | Villager (Male) |
| 0:10 | Create | Villager (Male) |
| 0:22 | Build | House |
| 1:31 | Create | Villager (Male) |
| 1:31 | Create | Villager (Male) |
| 2:04 | Create | Villager (Male) |
| 2:05 | Create | Villager (Male) |
| 2:14 | Create | Villager (Male) |
| 2:15 | Create | Villager (Male) |
| 2:42 | Build | Lumber Camp |
| 2:47 | Research | Loom |
| 3:12 | Create | Villager (Male) |
| 3:40 | Create | Villager (Male) |
| 3:46 | Create | Villager (Male) |
| 3:47 | Create | Villager (Male) |
| 4:04 | Create | Villager (Male) |
| 4:04 | Create | Villager (Male) |
| 4:09 | Create | Villager (Male) |
| 4:17 | Build | House |
| 4:57 | Build | Dock |
| 5:00 | Create | Villager (Male) |
| 5:24 | Create | Villager (Male) |
| 5:47 | Create | Villager (Male) |
| 6:52 | Research | Feudal Age |
| 7:16 | Build | Mining Camp |
| 7:44 | Build | House |
| 7:56 | Create | Fishing Ship |
| 8:22 | Create | Fishing Ship |
| 8:30 | Build | House |
| 8:34 | Create | Villager (Male) |
| 8:35 | Create | Villager (Male) |
| 9:16 | Age | Feudal Age |
| 9:17 | Build | Mill |
| 9:21 | Create | Fire Galley |
| 9:28 | Create | Villager (Male) |
| 9:57 | Build | Dock |
| 10:02 | Build | House |
| 10:05 | Create | Villager (Male) |
| 10:21 | Create | Fishing Ship |
| 10:30 | Create | Villager (Male) |
| 10:31 | Create | Villager (Male) |
| 10:36 | Create | Fishing Ship |
| 10:48 | Create | Villager (Male) |
| 11:03 | Create | Fishing Ship |
| 11:07 | Create | Villager (Male) |
| 11:29 | Build | House |
| 11:31 | Create | Fishing Ship |
| 11:36 | Create | Fishing Ship |
| 11:46 | Create | Villager (Male) |
| 11:52 | Build | Blacksmith |
| 11:55 | Create | Villager (Male) |
| 12:05 | Build | House |
| 12:11 | Create | Fishing Ship |
| 12:22 | Create | Fishing Ship |
| 12:25 | Create | Villager (Male) |
| 12:35 | Build | Lumber Camp |
| 12:39 | Create | Villager (Male) |
| 12:56 | Create | Demolition Raft |
| 13:00 | Create | Fishing Ship |
| 13:07 | Build | House |
| 13:11 | Create | Villager (Male) |
| 13:36 | Build | Farm |
| 13:51 | Build | Market |
| 13:55 | Create | Villager (Male) |
| 14:02 | Create | Unit 2626 |
| 14:02 | Create | Unit 2626 |
| 14:11 | Create | Fishing Ship |
| 14:18 | Build | House |
| 14:36 | Create | Villager (Male) |
| 14:43 | Create | Fishing Ship |
| 14:47 | Create | Fire Galley |
| 14:51 | Create | Unit 2626 |
| 15:04 | Create | Villager (Male) |
| 15:23 | Build | Mining Camp |
| 15:56 | Create | Unit 2626 |
| 16:11 | Research | Stone Mining |
| 16:13 | Create | Villager (Male) |
| 16:13 | Create | Villager (Male) |
| 16:16 | Research | Castle Age |
| 16:31 | Create | Fishing Ship |
| 16:31 | Create | Fishing Ship |
| 16:45 | Build | Dock |
| 16:54 | Research | Double-Bit Axe |
| 17:52 | Create | Fishing Ship |
| 17:55 | Create | Fishing Ship |
| 18:00 | Create | Fishing Ship |
| 18:00 | Create | Fishing Ship |
| 18:55 | Create | Villager (Male) |
| 18:56 | Create | Villager (Male) |
| 18:56 | Age | Castle Age |
| 18:56 | Create | Villager (Male) |
| 19:08 | Build | House |
| 19:11 | Create | Villager (Male) |
| 19:12 | Create | Villager (Male) |
| 19:50 | Build | Castle |
| 19:56 | Create | Villager (Male) |
| 19:57 | Create | Villager (Male) |
| 19:59 | Build | House |
| 20:02 | Create | Fishing Ship |
| 20:03 | Create | Fishing Ship |
| 20:06 | Research | Gold Mining |
| 20:16 | Create | Unit 2626 |
| 20:17 | Create | Unit 2626 |
| 20:46 | Build | Siege Workshop |
| 20:53 | Create | Villager (Male) |
| 21:01 | Build | Town Center |
| 21:04 | Create | Villager (Male) |
| 21:30 | Create | Fishing Ship |
| 21:30 | Create | Fishing Ship |
| 21:30 | Create | Fishing Ship |
| 22:10 | Create | Samurai |
| 22:11 | Create | Samurai |
| 22:12 | Create | Battering Ram |
| 22:12 | Create | Battering Ram |
| 22:16 | Build | Mining Camp |
| 22:38 | Create | Villager (Male) |
| 22:38 | Create | Villager (Male) |
| 22:40 | Create | Villager (Male) |
| 22:40 | Create | Villager (Male) |
| 22:40 | Create | Villager (Male) |
| 22:45 | Build | Farm |
| 22:50 | Build | Farm |
| 22:50 | Build | Farm |
| 22:50 | Build | Farm |
| 22:50 | Build | Farm |
| 22:57 | Create | Samurai |
| 22:57 | Create | Samurai |
| 22:58 | Create | Samurai |
| 23:20 | Create | Samurai |
| 23:20 | Create | Samurai |
| 23:45 | Create | Villager (Male) |
| 23:46 | Create | Villager (Male) |
| 23:46 | Create | Villager (Male) |
| 23:47 | Create | Villager (Male) |
| 23:50 | Research | Bow Saw |
| 24:33 | Create | Battering Ram |
| 24:42 | Create | Villager (Male) |
| 24:42 | Create | Villager (Male) |
| 24:43 | Create | Villager (Male) |
| 24:44 | Create | Villager (Male) |
| 24:52 | Build | House |
| 24:54 | Build | House |
| 24:54 | Build | House |
| 24:55 | Build | House |
| 25:32 | Create | Villager (Male) |
| 25:32 | Create | Villager (Male) |
Build order — Clifordino
First 150 of 296 actions detected
| 0:01 | Create | Villager (Male) ×4 |
| 0:01 | Create | Villager (Male) ×4 |
| 0:03 | Build | House |
| 0:06 | Build | House |
| 1:28 | Create | Villager (Male) |
| 1:50 | Build | Mule Cart |
| 2:11 | Create | Villager (Male) |
| 2:12 | Create | Villager (Male) |
| 2:23 | Create | Villager (Male) |
| 2:23 | Create | Villager (Male) |
| 2:58 | Create | Villager (Male) |
| 2:58 | Create | Villager (Male) |
| 3:08 | Build | Mill |
| 3:23 | Create | Villager (Male) |
| 3:23 | Create | Villager (Male) |
| 3:23 | Create | Villager (Male) |
| 3:53 | Create | Villager (Male) |
| 3:53 | Create | Villager (Male) |
| 4:13 | Create | Villager (Male) |
| 4:13 | Create | Villager (Male) |
| 4:43 | Create | Villager (Male) |
| 4:44 | Create | Villager (Male) |
| 4:44 | Create | Villager (Male) |
| 5:41 | Create | Villager (Male) |
| 5:41 | Create | Villager (Male) |
| 5:41 | Create | Villager (Male) |
| 5:55 | Create | Villager (Male) |
| 6:20 | Build | House |
| 6:23 | Build | House |
| 6:24 | Build | House |
| 6:26 | Build | House |
| 6:31 | Build | Mule Cart |
| 6:35 | Research | Loom |
| 6:35 | Create | Villager (Male) |
| 7:45 | Create | Villager (Male) |
| 7:45 | Create | Villager (Male) |
| 8:39 | Build | Dock |
| 8:42 | Create | Villager (Male) |
| 9:19 | Research | Feudal Age |
| 10:46 | Create | Villager (Male) |
| 10:47 | Create | Villager (Male) |
| 11:29 | Age | Feudal Age |
| 11:50 | Create | Unit 2626 |
| 11:50 | Create | Unit 2626 |
| 12:01 | Research | Double-Bit Axe |
| 12:14 | Create | Villager (Male) |
| 12:42 | Create | Villager (Male) |
| 12:43 | Create | Villager (Male) |
| 13:11 | Build | Blacksmith |
| 13:16 | Build | Market |
| 13:22 | Create | Villager (Male) |
| 13:44 | Create | Villager (Male) |
| 14:14 | Create | Villager (Male) |
| 14:51 | Research | Castle Age |
| 14:51 | Research | Castle Age |
| 15:33 | Create | Unit 2626 |
| 15:41 | Build | Dock |
| 15:45 | Create | Villager (Male) |
| 16:39 | Create | Villager (Male) |
| 16:46 | Build | Barracks |
| 16:53 | Build | Barracks |
| 17:26 | Create | Militia |
| 17:27 | Create | Militia |
| 17:31 | Age | Castle Age |
| 17:40 | Create | Villager (Male) |
| 17:49 | Build | Monastery |
| 17:59 | Research | Man-at-Arms (upgrade) |
| 18:19 | Build | House |
| 18:21 | Build | House |
| 18:22 | Build | House |
| 18:24 | Build | House |
| 18:26 | Build | House |
| 18:27 | Build | House |
| 18:44 | Create | Demolition Raft |
| 18:44 | Create | Demolition Raft |
| 18:52 | Create | Demolition Raft |
| 18:53 | Create | Villager (Male) |
| 19:31 | Create | Unit 2626 |
| 19:31 | Create | Unit 2626 |
| 20:04 | Build | Farm |
| 20:04 | Build | Farm |
| 20:05 | Build | Farm |
| 20:05 | Build | Farm |
| 20:05 | Build | Farm |
| 20:06 | Build | Farm |
| 20:07 | Build | Farm |
| 20:08 | Build | Farm |
| 20:19 | Build | Farm |
| 20:19 | Build | Farm |
| 20:34 | Create | Militia |
| 20:34 | Create | Militia |
| 20:45 | Build | Castle |
| 21:05 | Create | Warrior Priest |
| 21:13 | Create | Transport Ship |
| 21:15 | Research | War Galley (upgrade) |
| 21:24 | Build | Farm |
| 21:25 | Build | Farm |
| 21:29 | Create | Villager (Male) |
| 21:55 | Create | Villager (Male) |
| 21:58 | Create | Villager (Male) |
| 22:09 | Create | Composite Bowman |
| 22:10 | Create | Composite Bowman |
| 22:11 | Create | Composite Bowman |
| 22:11 | Create | Composite Bowman |
| 22:11 | Create | Composite Bowman |
| 22:26 | Create | Militia |
| 22:26 | Create | Militia |
| 22:41 | Build | Gate |
| 22:45 | Create | Villager (Male) |
| 22:49 | Create | Militia |
| 22:49 | Create | Militia |
| 23:04 | Create | Villager (Male) |
| 23:08 | Create | Composite Bowman |
| 23:25 | Create | Composite Bowman |
| 23:25 | Create | Composite Bowman |
| 23:26 | Create | Composite Bowman |
| 23:37 | Create | Villager (Male) |
| 23:38 | Create | Villager (Male) |
| 24:37 | Research | Long Swordsman (upgrade) |
| 24:40 | Research | Arson |
| 24:41 | Create | Composite Bowman |
| 24:42 | Create | Composite Bowman |
| 24:42 | Create | Composite Bowman |
| 25:04 | Build | Stone Wall |
| 25:06 | Create | Villager (Male) |
| 25:18 | Create | Composite Bowman |
| 25:59 | Build | Gate |
| 26:14 | Create | Villager (Male) |
| 26:28 | Create | Militia |
| 26:29 | Create | Militia |
| 27:11 | Create | Composite Bowman |
| 27:12 | Create | Composite Bowman |
| 27:15 | Create | Militia |
| 27:15 | Create | Militia |
| 27:33 | Create | Villager (Male) |
| 27:38 | Build | Farm |
| 27:38 | Build | Farm |
| 27:38 | Build | Farm |
| 27:38 | Build | Farm |
| 27:39 | Build | Farm |
| 27:39 | Build | Farm |
| 27:45 | Create | Villager (Male) |
| 27:48 | Create | Villager (Male) |
| 27:48 | Create | Villager (Male) |
| 28:00 | Create | Militia |
| 28:00 | Create | Militia |
| 28:03 | Create | Composite Bowman |
| 28:03 | Create | Composite Bowman |
| 28:13 | Build | Town Center |
| 28:24 | Research | Scale Mail Armor |
Build order — WinterSword26
First 150 of 405 actions detected
| 0:05 | Build | House |
| 0:08 | Build | House |
| 0:09 | Create | Villager (Male) |
| 0:09 | Create | Villager (Male) |
| 0:10 | Create | Villager (Male) |
| 0:10 | Create | Villager (Male) |
| 0:10 | Create | Villager (Male) |
| 1:30 | Create | Villager (Male) |
| 1:30 | Create | Villager (Male) |
| 2:00 | Create | Villager (Male) |
| 2:00 | Create | Villager (Male) |
| 2:00 | Create | Villager (Male) |
| 2:35 | Create | Villager (Male) |
| 2:35 | Create | Villager (Male) |
| 2:42 | Build | Lumber Camp |
| 2:53 | Create | Villager (Male) |
| 2:56 | Research | Loom |
| 3:25 | Create | Villager (Male) |
| 3:32 | Build | House |
| 4:07 | Create | Villager (Male) |
| 4:07 | Create | Villager (Male) |
| 4:37 | Create | Villager (Male) |
| 4:37 | Create | Villager (Male) |
| 4:47 | Build | Mill |
| 5:10 | Create | Villager (Male) |
| 5:10 | Create | Villager (Male) |
| 5:37 | Create | Villager (Male) |
| 5:38 | Create | Villager (Male) |
| 5:45 | Create | Villager (Male) |
| 5:46 | Create | Villager (Male) |
| 5:53 | Build | Lumber Camp |
| 6:35 | Create | Villager (Male) |
| 6:35 | Create | Villager (Male) |
| 6:52 | Build | Mill |
| 7:16 | Create | Villager (Male) |
| 7:17 | Create | Villager (Male) |
| 7:58 | Create | Villager (Male) |
| 8:19 | Build | Farm |
| 8:25 | Build | Farm |
| 9:42 | Research | Feudal Age |
| 9:42 | Research | Feudal Age |
| 10:20 | Build | Dock |
| 10:27 | Build | Dock |
| 10:43 | Build | Dock |
| 10:49 | Build | Dock |
| 10:58 | Build | House |
| 10:59 | Build | House |
| 11:00 | Build | House |
| 11:04 | Build | House |
| 11:05 | Build | House |
| 11:06 | Build | House |
| 11:07 | Build | House |
| 11:08 | Build | House |
| 11:11 | Build | House |
| 11:16 | Create | Villager (Male) |
| 11:17 | Create | Villager (Male) |
| 11:17 | Create | Villager (Male) |
| 11:24 | Create | Villager (Male) |
| 12:08 | Research | Double-Bit Axe |
| 12:12 | Research | Horse Collar |
| 12:27 | Create | Fishing Ship |
| 12:28 | Create | Fishing Ship |
| 12:28 | Create | Fishing Ship |
| 12:37 | Create | Villager (Male) |
| 12:51 | Build | Lumber Camp |
| 13:08 | Create | Villager (Male) |
| 13:57 | Create | Villager (Male) |
| 14:03 | Create | Villager (Male) |
| 14:09 | Build | Dock |
| 14:12 | Build | Dock |
| 14:17 | Create | Villager (Male) |
| 14:24 | Build | Farm |
| 14:27 | Build | Farm |
| 14:33 | Build | Mining Camp |
| 14:35 | Create | Villager (Male) |
| 14:39 | Build | House |
| 14:40 | Build | House |
| 14:49 | Create | Villager (Male) |
| 15:14 | Build | Farm |
| 15:15 | Build | Farm |
| 15:17 | Build | Farm |
| 15:19 | Build | Farm |
| 15:37 | Create | Fire Galley |
| 15:56 | Create | Villager (Male) |
| 16:06 | Create | Villager (Male) |
| 16:06 | Create | Villager (Male) |
| 16:07 | Create | Villager (Male) |
| 16:11 | Research | Gold Mining |
| 16:31 | Build | Barracks |
| 16:48 | Build | Mining Camp |
| 17:12 | Create | Villager (Male) |
| 17:48 | Build | Barracks |
| 17:52 | Build | Palisade Wall |
| 17:54 | Build | Palisade Wall |
| 17:55 | Build | Palisade Wall |
| 18:16 | Create | Villager (Male) |
| 18:23 | Build | Market |
| 18:25 | Build | Blacksmith |
| 18:30 | Build | Farm |
| 18:32 | Build | Farm |
| 18:33 | Build | Farm |
| 18:36 | Build | Farm |
| 18:42 | Create | Villager (Male) |
| 18:46 | Build | Farm |
| 18:52 | Research | Man-at-Arms (upgrade) |
| 18:52 | Create | Militia |
| 18:52 | Create | Militia |
| 18:53 | Create | Militia |
| 18:53 | Create | Militia |
| 18:55 | Create | Militia |
| 18:56 | Research | Arson |
| 19:10 | Build | Barracks |
| 19:37 | Build | Lumber Camp |
| 19:49 | Create | Fire Galley |
| 19:50 | Create | Fire Galley |
| 19:50 | Create | Fire Galley |
| 20:03 | Create | Villager (Male) |
| 20:04 | Create | Villager (Male) |
| 20:18 | Create | Fishing Ship |
| 20:18 | Create | Fishing Ship |
| 20:19 | Create | Fishing Ship |
| 20:19 | Create | Fishing Ship |
| 20:23 | Create | Fishing Ship |
| 20:30 | Create | Militia |
| 20:30 | Create | Militia |
| 20:30 | Create | Militia |
| 20:31 | Create | Militia |
| 20:32 | Create | Militia |
| 20:36 | Research | Forging |
| 20:37 | Research | Scale Mail Armor |
| 21:18 | Build | Watch Tower |
| 21:41 | Create | Villager (Male) |
| 21:41 | Create | Villager (Male) |
| 21:42 | Create | Villager (Male) |
| 21:45 | Create | Villager (Male) |
| 21:47 | Research | Town Watch |
| 21:54 | Research | Stone Mining |
| 22:12 | Build | Watch Tower |
| 22:20 | Build | Watch Tower |
| 22:44 | Create | Villager (Male) |
| 22:47 | Build | Farm |
| 22:50 | Build | Farm |
| 22:59 | Research | Town Watch |
| 23:44 | Build | Farm |
| 23:46 | Research | Castle Age |
| 23:49 | Build | Farm |
| 24:01 | Create | Fishing Ship |
| 24:01 | Create | Fishing Ship |
| 24:01 | Create | Fishing Ship |
| 24:19 | Build | Dock |
Build order — jaiderreyes4
First 150 of 359 actions detected
| 0:00 | Create | Villager (Male) |
| 0:01 | Create | Villager (Male) |
| 0:01 | Create | Villager (Male) |
| 0:02 | Build | House |
| 0:04 | Build | House |
| 0:25 | Create | Villager (Male) |
| 0:25 | Create | Villager (Male) |
| 1:24 | Create | Villager (Male) |
| 1:24 | Create | Villager (Male) |
| 2:07 | Create | Villager (Male) |
| 2:07 | Create | Villager (Male) |
| 2:08 | Create | Villager (Male) |
| 2:55 | Create | Villager (Male) |
| 3:02 | Build | Lumber Camp |
| 3:12 | Create | Villager (Male) |
| 3:29 | Create | Villager (Male) |
| 3:46 | Create | Villager (Male) |
| 4:26 | Create | Villager (Male) |
| 4:26 | Create | Villager (Male) |
| 4:27 | Create | Villager (Male) |
| 4:43 | Build | House |
| 4:47 | Build | Dock |
| 5:12 | Create | Villager (Male) |
| 5:12 | Create | Villager (Male) |
| 5:34 | Build | Dock |
| 5:44 | Create | Villager (Male) |
| 5:44 | Create | Villager (Male) |
| 5:47 | Create | Fishing Ship |
| 5:47 | Create | Fishing Ship |
| 6:14 | Create | Fishing Ship |
| 6:17 | Create | Villager (Male) |
| 6:17 | Create | Villager (Male) |
| 6:31 | Create | Fishing Ship |
| 6:31 | Create | Fishing Ship |
| 6:39 | Build | House |
| 6:46 | Create | Villager (Male) |
| 6:46 | Create | Villager (Male) |
| 7:05 | Create | Villager (Male) |
| 7:05 | Create | Villager (Male) |
| 7:11 | Create | Fishing Ship |
| 7:28 | Create | Fishing Ship |
| 7:28 | Create | Fishing Ship |
| 7:35 | Create | Villager (Male) |
| 7:35 | Create | Villager (Male) |
| 8:00 | Create | Villager (Male) |
| 8:05 | Create | Fishing Ship |
| 8:08 | Build | House |
| 8:09 | Build | House |
| 8:22 | Create | Villager (Male) |
| 8:41 | Create | Villager (Male) |
| 8:41 | Create | Villager (Male) |
| 8:46 | Create | Fishing Ship |
| 9:25 | Create | Villager (Male) |
| 9:37 | Create | Fishing Ship |
| 9:38 | Create | Fishing Ship |
| 9:46 | Build | Mining Camp |
| 10:14 | Research | Feudal Age |
| 10:20 | Create | Fishing Ship |
| 10:31 | Create | Fishing Ship |
| 10:58 | Build | House |
| 10:59 | Build | House |
| 11:16 | Create | Villager (Male) |
| 11:29 | Create | Villager (Male) |
| 11:40 | Create | Villager (Male) |
| 11:43 | Create | Fishing Ship |
| 11:44 | Create | Fishing Ship |
| 11:52 | Create | Villager (Male) |
| 12:03 | Build | House |
| 12:06 | Build | Palisade Gate |
| 12:10 | Create | Fishing Ship |
| 12:11 | Create | Fishing Ship |
| 12:18 | Create | Villager (Male) |
| 12:24 | Age | Feudal Age |
| 12:33 | Create | Galley |
| 12:33 | Create | Galley |
| 12:36 | Create | Villager (Male) |
| 12:39 | Research | Double-Bit Axe |
| 12:39 | Research | Double-Bit Axe |
| 13:04 | Create | Fire Galley |
| 13:08 | Create | Galley |
| 13:13 | Build | House |
| 13:15 | Create | Villager (Male) |
| 13:36 | Build | Blacksmith |
| 13:40 | Build | Mill |
| 13:44 | Create | Villager (Male) |
| 13:51 | Build | Palisade Wall |
| 13:56 | Create | Villager (Male) |
| 14:21 | Build | Lumber Camp |
| 14:54 | Build | Market |
| 14:58 | Create | Villager (Male) |
| 14:59 | Create | Villager (Male) |
| 15:02 | Create | Villager (Male) |
| 15:13 | Create | Villager (Male) |
| 15:29 | Research | Loom |
| 15:30 | Research | Castle Age |
| 15:34 | Research | Fletching |
| 15:34 | Research | Padded Archer Armor |
| 15:34 | Research | Padded Archer Armor |
| 15:34 | Research | Fletching |
| 15:47 | Create | Fishing Ship ×5 |
| 15:48 | Create | Fishing Ship ×5 |
| 16:07 | Create | Villager (Male) |
| 16:12 | Build | Dock |
| 16:39 | Build | Dock |
| 16:42 | Create | Villager (Male) |
| 16:46 | Create | Fishing Ship |
| 16:47 | Create | Fishing Ship |
| 17:02 | Create | Villager (Male) |
| 17:05 | Create | Fishing Ship |
| 17:06 | Create | Fishing Ship |
| 17:07 | Create | Fishing Ship |
| 17:07 | Create | Fishing Ship |
| 17:13 | Build | House |
| 17:15 | Build | House |
| 17:17 | Create | Villager (Male) |
| 18:00 | Research | Gold Mining |
| 18:00 | Research | Gold Mining |
| 18:08 | Build | Dock |
| 18:12 | Create | Villager (Male) |
| 18:28 | Age | Castle Age |
| 18:32 | Create | Longboat ×5 |
| 18:36 | Create | Longboat |
| 18:37 | Create | Longboat |
| 18:41 | Create | Villager (Male) |
| 18:41 | Create | Villager (Male) |
| 18:41 | Create | Villager (Male) |
| 18:45 | Research | Leather Archer Armor |
| 18:45 | Research | Bodkin Arrow |
| 18:45 | Research | Bodkin Arrow |
| 19:09 | Create | Villager (Male) |
| 19:16 | Create | Longboat |
| 19:19 | Create | Longboat |
| 19:26 | Build | House |
| 19:27 | Build | House |
| 19:51 | Build | Town Center |
| 19:55 | Create | Villager (Male) |
| 19:59 | Create | Villager (Male) |
| 20:08 | Create | Villager (Male) |
| 20:08 | Create | Villager (Male) |
| 20:12 | Research | Bow Saw |
| 20:13 | Research | Bow Saw |
| 20:35 | Research | Tech 906 |
| 20:40 | Create | Villager (Male) |
| 20:41 | Create | Villager (Male) |
| 20:42 | Create | Villager (Male) |
| 20:42 | Create | Villager (Male) |
| 20:43 | Create | Villager (Male) |
| 20:46 | Build | Town Center |
| 20:58 | Research | Gold Shaft Mining |
| 20:58 | Research | Stone Mining |
Match timeline
| 4:47 | jaiderreyes4 · first_building Dock |
| 4:57 | STaTS · first_building Dock |
| 8:39 | Clifordino · first_building Dock |
| 9:16 | STaTS · age_up feudal |
| 10:20 | WinterSword26 · first_building Dock |
| 11:29 | Clifordino · age_up feudal |
| 12:24 | jaiderreyes4 · age_up feudal |
| 13:51 | jaiderreyes4 · wall_segment Palisade Wall x2 |
| 15:34 | STaTS · first_market_sell 100 wood |
| 16:31 | WinterSword26 · first_building Barracks |
| 16:46 | Clifordino · first_building Barracks |
| 17:31 | Clifordino · age_up castle |
| 17:49 | Clifordino · first_building Monastery |
| 17:52 | WinterSword26 · wall_segment Palisade Wall x1 |
| 17:54 | WinterSword26 · wall_segment Palisade Wall x1 |
| 17:55 | WinterSword26 · wall_segment Palisade Wall x1 |
| 18:28 | jaiderreyes4 · age_up castle |
| 18:56 | STaTS · age_up castle |
| 19:31 | WinterSword26 · first_market_buy 100 wood |
| 19:50 | STaTS · first_building Castle |
| 20:45 | Clifordino · first_building Castle |
| 20:46 | STaTS · first_building Siege Workshop |
| 22:54 | jaiderreyes4 · first_market_sell 100 food |
| 22:56 | jaiderreyes4 · first_market_buy 100 wood |
| 23:46 | jaiderreyes4 · first_building Monastery |
| 25:04 | Clifordino · wall_segment Stone Wall x14 |
| 26:10 | STaTS · first_market_buy 100 food |
| 26:56 | STaTS · wall_segment Palisade Wall x5 |
| 27:04 | STaTS · wall_segment Palisade Wall x3 |
| 27:12 | STaTS · wall_segment Palisade Wall x1 |
| 27:25 | jaiderreyes4 · first_building Castle |
| 27:31 | WinterSword26 · first_building Siege Workshop |
| 27:47 | Clifordino · first_market_buy 100 food |
| 28:18 | WinterSword26 · first_market_sell 100 food |
| 29:10 | jaiderreyes4 · age_up imperial |
| 29:56 | WinterSword26 · first_building Monastery |
| 34:20 | STaTS · age_up imperial |
| 34:44 | WinterSword26 · first_building Castle |
| 40:02 | jaiderreyes4 · tribute_sent a jugador 1 |
| 40:02 | jaiderreyes4 · tribute_sent a jugador 2 |
| 40:02 | jaiderreyes4 · tribute_sent a jugador 3 |
| 45:21 | STaTS · first_building Barracks |
| 51:14 | STaTS · resign |
[ AI ANALYSIS · 1 CREDIT ]
What really happened in this match?
Wolo.gg analyzes every decision: build order, eco, micro, common mistakes by bracket. Personalized analysis on WhatsApp or Discord in 30 seconds.
Civ guide
Japanese
Perfil
Jugador #2236254